 Dungeon Crawl Stone Soup version 0.28-a0-793-g31680bbd8b (webtiles) character file.

Game seed: 11975245091068263444

329 demibob the Ruffian (level 6, 0/51 HPs)
             Began as a Ghoul Monk on Nov 4, 2021.
             Slain by a hound (3 damage)
             ... on level 4 of the Dungeon.
             The game lasted 00:06:56 (3481 turns).

demibob the Ruffian (Ghoul Monk)                    Turns: 3481, Time: 00:06:57

Health: 0/51       AC:  2    Str: 15    XL:     6   Next: 51%
Magic:  5/5        EV: 14    Int:  5    God:
Gold:   172        SH:  0    Dex: 19    Spells: 5/5 levels left

rFire   . . .      SeeInvis .     - Unarmed
rCold   + . .      Faith    .   (no shield)
rNeg    + + +      Spirit   .   a - +0 robe
rPois   ∞          Reflect  .   (no helmet)
rElec   .          Harm     .   (no cloak)
rCorr   .          Rampage  .   (no gloves)
Will    .....                   (no boots)
Stlth   ++........              (no amulet)
HPRegen 0.00/turn               D - +6 ring of dexterity
MPRegen 0.09/turn               L - ring of flight

@: flying, inhibited regen
A: claws 1, cold resistance 1, negative energy resistance 3, inhibited
regeneration, torment resistance 2
a: no special abilities


You were on level 4 of the Dungeon.
You visited 1 branch of the dungeon, and saw 4 of its levels.

You collected 172 gold pieces.


Innate Abilities, Weirdness & Mutations

You thrive by killing the living.
You are immune to poison.
You have sharp fingernails.
Your flesh is cold resistant. (rC+)
You are immune to negative energy. (rN+++)
You do not regenerate when monsters are visible.
You are immune to unholy pain and torment.


   Skills:
 - Level 3.2 Fighting
 + Level 4.4 Dodging
 - Level 2.1 Stealth
 + Level 6.5 Unarmed Combat


You had 5 spell levels left.
You didn't know any spells.
Your spell library contained the following spells:

 Spells                   Type           Power      Damage    Failure   Level
 Animate Skeleton         Necr           0%         N/A       47%         1
 Pain                     Necr           0%         1d4       47%         1
 Vampiric Draining        Necr           0%         2d6       85%         3

Inventory:

Armour
 a - a +0 robe (worn)
Jewellery
 D - a +6 ring of dexterity (left claw)
 L - a ring of flight (right claw)
 R - a ring of resist corrosion
 S - a +6 ring of strength
Scrolls
 d - 3 scrolls of identify {@r1}
 g - a scroll of fog
Potions
 c - 2 potions of curing {@q1}

Dungeon Overview and Level Annotations

Branches:
Dungeon (4/15)
 Temple: D:4-7

Altars:
Kikubaaqudgha

Shops:
D:1

= ..............
............... ......
....#........#.# ......
..#.#........#..##.....#
.##......#..##.##......#
.......##...##.# .....
#......##..###.# ...
###.#####..###.##†#
......###.###..#@##
............#...h.#...
..###.#...<#...........
..###.#.......##.......
)............##..:....#
.............# #........
#..#......#..# #........
#.##[.....##.. .........
######.#.. .... #...#..


You could see a hound.


Message History

The hound closely misses you.
You barely miss the hound.
The hound is lightly wounded.
The hound closely misses you. The hound bites you.
* * * LOW HITPOINT WARNING * * *
You closely miss the hound.
The hound is lightly wounded.
The hound bites you.
* * * LOW HITPOINT WARNING * * *
You barely miss the hound.
The hound is lightly wounded.
The hound misses you.
You closely miss the hound.
The hound is lightly wounded.
The hound misses you.
You scratch the hound.
The hound is heavily wounded.
The hound closely misses you. The hound misses you.
You scratch the hound.
The hound is heavily wounded.
The hound bites you.
* * * LOW HITPOINT WARNING * * *
You miss the hound.
The hound is heavily wounded.
The hound bites you.
* * * LOW HITPOINT WARNING * * *
You scratch the hound.
The hound is almost dead.
The hound bites you.
You die...

Skill      XL: |  1  2  3  4  5 |
---------------+----------------+-----
Unarmed Combat | 4 5 6 |  6.5
Dodging        | 3 4 |  4.4
Fighting       | |  3.2
Stealth        | |  2.1

Action                   |  1- 3 |  4- 6 || total
-------------------------+-------+-------++-------
Melee: Unarmed           |   103 |   121 ||   224
       Punch             |     2 |     2 ||     4
  Use: Potion            |     1 |     5 ||     6
       Scroll            |     1 |     3 ||     4
 Stab: Sleeping          |     6 |     2 ||     8
       Distracted        |       |     1 ||     1
Armor: Robe              |    12 |    20 ||    32
Dodge: Dodged            |    55 |    89 ||   144

Levels and vault maps discovered:
D:1:      wheals_arrival_linesprint, layout_loops_corners, serial_shops, shop
D:2:      layout_basic, chequers_ecumenical_altar_island, basic_altar
D:3:      minmay_spotlight, layout_loops_cross
D:4:      layout_cave_pools, kennysheep_cluttered_room, uniq_crazy_yiuf_cottage

Notes
Turn   | Place    | Note
-------+----------+-------------------------------------------
     0 | D:1      | demibob the Ghoul Monk began the quest for the Orb.
     0 | D:1      | Reached XP level 1. HP: 19/19 MP: 0/0
   174 | D:1      | Found Naecs's Jewellery Boutique.
   207 | D:1      | Reached XP level 2. HP: 25/26 MP: 1/1
   253 | D:1      | Reached skill level 4 in Unarmed Combat
   777 | D:1      | Reached XP level 3. HP: 31/31 MP: 2/2
  1313 | D:2      | HP: 3/31 [goblin (2)]
  1538 | D:2      | Found a faded altar of an unknown god.
  1604 | D:2      | Found an ancient bone altar of Kikubaaqudgha.
  1732 | D:2      | Reached skill level 5 in Unarmed Combat
  1831 | D:2      | Reached XP level 4. HP: 32/38 MP: 3/3
  2014 | D:2      | Reached skill level 3 in Dodging
  2402 | D:3      | Noticed a black bear
  2412 | D:3      | Killed a black bear
  2413 | D:3      | Reached XP level 5. HP: 28/45 MP: 4/4
  3011 | D:4      | Reached skill level 4 in Dodging
  3011 | D:4      | Reached skill level 6 in Unarmed Combat
  3011 | D:4      | Reached XP level 6. HP: 34/51 MP: 5/5
  3117 | D:4      | Noticed an orc warrior
  3121 | D:4      | Identified a potion of resistance
  3445 | D:4      | Noticed an ice beast
  3466 | D:4      | Killed an ice beast
  3480 | D:4      | HP: 3/51 [hound (3)]
  3481 | D:4      | Slain by a hound

Vanquished Creatures
  An ice beast (D:4)
  A black bear (D:3)
  A jelly (D:4)
  4 adders
  An ufetubus (D:4)
  A worm (D:4)
  4 dart slugs
  5 orcs
  6 bats
  7 endoplasms
  A giant cockroach (D:2)
  3 goblins
  4 hobgoblins
  5 kobolds
  4 quokkas
  6 ball pythons
  3 frilled lizards
  7 rats
64 creatures vanquished.

Table legend: (Time is in decaauts)
 A = Elapsed time spent in this place.
 B = Non-inter-level travel time spent in this place.
 C = Inter-level travel time spent in this place.
 D = Time resting spent in this place.
 E = Time spent auto-exploring this place.
 F = Levels seen in this place.
 G = Mean time per level.
                   A        B        C        D        E       F      G
               +--------+--------+--------+--------+--------+-----+--------+
         Total |   3460 |   3279 |    181 |    540 |   2244 |   4 |  865.0 |
       Dungeon |   3460 |   3279 |    181 |    540 |   2244 |   4 |  865.0 |
               +--------+--------+--------+--------+--------+-----+--------+

Top non-repeatable levels by time:
     D:1: 1245 daAuts
     D:3: 1103 daAuts
     D:2: 863 daAuts
     D:4: 246 daAuts

Table legend:
 A = Non-vault XP
 B = Vault XP
 C = Vault XP percentage of total XP
 D = Non-vault monster count
 E = Vault monster count
 F = Vault count percentage of total count
                 A         B        C        D         E       F
            +---------+---------+-------+---------+---------+-------
      Total |     462 |       9 |   1.9 |      61 |       3 |   4.7
            +---------+---------+-------+---------+---------+-------
        D:1 |      39 |       0 |   0.0 |      23 |       0 |   0.0
        D:2 |      50 |       0 |   0.0 |      15 |       0 |   0.0
        D:3 |     172 |       9 |   5.0 |      15 |       3 |  16.7
        D:4 |     201 |       0 |   0.0 |       8 |       0 |   0.0
            +---------+---------+-------+---------+---------+-------
